 Dungeon Crawl Stone Soup version 0.18-a0-943-g2c08dd4 (webtiles) character file.

199424 Duffy the Tortoise (level 18, -4/119 HPs)
             Began as a Gargoyle Fighter on Dec 28, 2015.
             Was the Champion of Cheibriados.
             Blown up by a conjurer statue (48 damage)
             ... with an orb of destruction
             ... in a wizard's laboratory.
             The game lasted 01:03:10 (36562 turns).

Duffy the Tortoise (Gargoyle Fighter)              Turns: 36562, Time: 01:03:10

Health: -4/119     AC: 43    Str: 50    XL:     18   Next: 47%
Magic:  27/27      EV: 34    Int: 29    God:    Cheibriados [******]
Gold:   1902       SH:  0    Dex: 30    Spells: 0 memorised, 17 levels left

rFire  + + .     SeeInvis +     I - +9 dire flail of the Penguin {freeze, rElec Str+3}
rCold  + . .     Gourm    .     R - +5 plate armour {rF+}
rNeg   + + .     Faith    .     (shield currently unavailable)
rPois  ∞         Spirit   .     H - +0 hat {SInv}
rElec  +         Dismiss  .     y - +1 cloak
rCorr  +         Reflect  .     P - +2 pair of gloves of the Old World {rN+}
SustAt .         Harm     .     Q - +0 pair of boots
MR     ++...                    (no amulet)
Stlth  ..........               K - ring of protection from magic
                                Y - +5 ring of evasion

@: mighty, brilliant, agile, resistant, flying, very slow, very resistant to
hostile enchantments, extremely unstealthy
A: big wings, negative energy resistance 1, electricity resistance, unbreathing,
petrification resistance, rot immunity, AC +13
a: Stop Flying, Bend Time, Temporal Distortion, Slouch, Step From Time, Renounce
Religion
}: 1/15 runes: decaying


You were in a wizard's laboratory.
You worshipped Cheibriados.
Cheibriados was exalted by your worship.
You were not hungry.

You visited 5 branches of the dungeon, and saw 30 of its levels.
You also visited: Labyrinth, Ice Cave and Wizlab.

You collected 3215 gold pieces.
You spent 1313 gold pieces at shops.


Innate Abilities, Weirdness & Mutations

You are resistant to torment.
Your stone body is resilient (AC +13).
You are immune to poison.
Your large and strong wings let you fly indefinitely.
You resist negative energy.
You are resistant to electric shocks.
You can survive without breathing.
You are immune to petrification.
You are immune to rotting.


   Skills:
 - Level 15.2 Fighting
 - Level 15.0 Maces & Flails
 - Level 15.4 Armour
 - Level 13.0 Dodging
   Level 3.2 Shields
 - Level 12.0 Invocations
 + Level 10.0 Evocations


You had 17 spell levels left.
You didn't know any spells.

Inventory:

Hand Weapons
 a - a +0 blowgun
 I - the +9 dire flail of the Penguin (weapon) {freeze, rElec Str+3}

   It has been specially enchanted to freeze those struck by it, causing extra
   injury to most foes and up to half again as much damage against particularly
   susceptible opponents.
   It can also slow down cold-blooded creatures.
   It affects your strength (+3).
   It insulates you from electricity.
Missiles
 b - 3 curare-tipped needles
 B - 6 throwing nets (quivered)
Armour
 y - a +1 cloak (worn)
 H - a +0 hat of see invisible (worn)
 P - the +2 pair of gloves of the Old World (worn) {rN+}

   It protects you from negative energy.
 Q - a +0 pair of boots (worn)
 R - a +5 plate armour of fire resistance (worn)
Jewellery
 p - an uncursed ring of protection from cold
 s - an uncursed ring of protection from cold
 F - an uncursed ring of positive energy
 K - a ring of protection from magic (right hand)
 U - an uncursed ring of teleportation
 Y - a +5 ring of evasion (left hand)
Wands
 l - a wand of cold (11/15)
 n - a wand of magic darts (19/48)
 L - a wand of teleportation (5/9)
 O - a wand of cold (7/15)
 T - a wand of teleportation (3/9)
 W - a wand of fire (7/15)
Scrolls
 e - 2 scrolls of recharging
 g - 3 scrolls of magic mapping
 h - 9 scrolls of remove curse
 k - 11 scrolls of enchant weapon
 o - 3 scrolls of blinking
 t - 6 scrolls of fear
 w - 8 scrolls of teleportation
 C - a scroll of summoning
 G - 4 scrolls of fog
 X - a scroll of vulnerability
Potions
 d - 4 potions of might
 i - 8 potions of curing
 q - a potion of brilliance
 r - 8 potions of heal wounds
 v - 3 potions of agility
 x - a potion of cure mutation
 z - 5 potions of resistance
 E - 3 potions of cancellation
 J - 4 potions of invisibility
 N - 3 potions of magic
Miscellaneous
 j - a disc of storms
Comestibles
 c - 6 beef jerkies
 f - 22 bread rations
 m - 7 meat rations
 A - a slice of pizza
 S - 15 fruits
 V - 8 royal jellies

Dungeon Overview and Level Annotations

Branches:
Dungeon (15/15)            Temple (0/1) D:5            Lair (8/8) D:11
  Swamp (4/4) Lair:6        Snake (0/4) Lair:5        Slime (0/6) Lair:6
    Orc (2/2) D:12            Elf (0/3) Orc:2        Vaults (1/5) D:14
 Depths (0/5) D:15

Altars:
Cheibriados
Dithmenos
Fedhas
Kikubaaqudgha
Makhleb
Nemelex Xobeh
Okawaru
Pakellas
Qazlal
Ru
Sif Muna
Zin
Beogh

Shops:
D:14 !   Orc:2 %([!

Portals:
Trove: D:14 (give 16 scrolls of teleportation)

Annotations:
D:3 Dig
D:10 exclusion: obsidian statue
D:11 1 runed door WizLab exclusion: 4 statues


Message History

An orb of destruction comes into view.
There is an open door here.
Drink which item? (? for menu, Esc to quit)
You feel very mighty all of a sudden.
Drink which item? (? for menu, Esc to quit)
You feel clever all of a sudden.
Drink which item? (? for menu, Esc to quit)
You feel agile all of a sudden.
Drink which item? (? for menu, Esc to quit)
You feel protected.
Really fly into a travel-excluded area?
The conjurer statue conjures a glowing orb.
An orb of destruction comes into view.
There is an open door here.
The orb of destruction hits you!
The conjurer statue conjures a glowing orb. x2
The orb fizzles. x2
The conjurer statue launches a ball of destructive magic.
An orb of destruction comes into view.
The orb of destruction hits you!
Drink which item? (? for menu, Esc to quit)
Okay, then.
Read which item? (? for menu, Esc to quit)
Okay, then.
Okay, then.
Drink which item? (? for menu, Esc to quit)
You feel protected.
The conjurer statue launches a ball of destructive magic.
An orb of destruction comes into view.
The conjurer statue conjures an orb of pure magic.
The orb fizzles. x2
The conjurer statue conjures an orb of pure magic.
An orb of destruction comes into view.
The orb of destruction hits you!
You die...

# # #### .#.#.#
##.#.#.#.#.#
#.#.#.#.#0#0#.#.#.#.#.
.......00#000.........
.00........00..0..........
000.......0..8.0.....*....
.0...........0...........0
0..8... ...#.0.#d..e..*8..
........ #.##@##.#........
.......e###))...###.e.....
.......#.#.##.##.# #......
#.#)###.# .# #.e...
##.####'### .# #e...
#.###.....## .# .... #.#
#.......# . e..
#.###.......### .
#):.......)(#


You could see a conjurer statue.

Action                   |  1- 3 |  4- 6 |  7- 9 | 10-12 | 13-15 | 16-18 || total
-------------------------+-------+-------+-------+-------+-------+-------++-------
Melee: Flail             |    49 |   259 |   528 |   130 |       |       ||   966
       Morningstar       |       |       |       |   391 |       |       ||   391
       Dire flail        |       |       |       |   269 |  1385 |  1633 ||  3287
Invok: Slouch            |       |       |       |       |     2 |     5 ||     7
 Abil: Fly               |       |       |       |       |     1 |     3 ||     4
       Evoke Teleportati |       |       |       |       |       |     3 ||     3
Evoke: Wand              |       |       |       |     1 |       |       ||     1
  Use: Scroll            |       |       |    12 |     8 |    14 |    15 ||    49
       Potion            |       |       |     1 |       |     1 |     5 ||     7
 Stab: Confused          |       |       |       |       |       |     1 ||     1
  Eat: Chunk             |       |     7 |     8 |    17 |    14 |    21 ||    67
       Beef jerky        |       |       |     2 |     2 |     2 |     2 ||     8
       Royal jelly       |       |       |       |       |     2 |       ||     2

Notes
Turn   | Place    | Note
--------------------------------------------------------------
     0 | D:1      | Duffy the Gargoyle Fighter began the quest for the Orb.
     0 | D:1      | Reached XP level 1. HP: 14/14 MP: 1/1
    47 | D:2      | Reached skill level 3 in Maces & Flails
    47 | D:2      | Reached XP level 2. HP: 14/19 MP: 2/2
   141 | D:2      | Reached XP level 3. HP: 20/23 MP: 3/3
   231 | D:3      | Noticed a centaur
   409 | D:3      | Noticed Sigmund
   470 | D:5      | Entered Level 5 of the Dungeon
   738 | D:5      | Reached skill level 4 in Maces & Flails
   738 | D:5      | Reached XP level 4. HP: 21/28 MP: 4/4
   903 | D:5      | Reached skill level 5 in Maces & Flails
   903 | D:5      | Reached XP level 5. HP: 21/32 MP: 5/5
  1142 | D:3      | Killed Sigmund
  1142 | D:3      | Reached skill level 6 in Maces & Flails
  1142 | D:3      | Reached XP level 6. HP: 15/37 MP: 6/6
  1767 | D:2      | Found a shadowy altar of Dithmenos.
  2790 | D:2      | Reached skill level 7 in Maces & Flails
  3186 | D:3      | Reached XP level 7. HP: 42/42 MP: 7/7
  3188 | D:3      | Reached skill level 4 in Fighting
  3935 | D:4      | Found a sacrificial altar of Ru.
  3936 | D:4      | Found a sparkling altar of Nemelex Xobeh.
  3950 | D:4      | Found a snail-covered altar of Cheibriados.
  3957 | D:4      | Found a glowing silver altar of Zin.
  3961 | D:4      | Became a worshipper of Cheibriados the Contemplative
  4039 | D:4      | Reached skill level 5 in Fighting
  4472 | D:4      | Reached skill level 8 in Maces & Flails
  4472 | D:4      | Reached XP level 8. HP: 46/50 MP: 8/8
  4770 | D:5      | Noticed nublet's ghost (novice HEAE)
  4786 | D:5      | Killed nublet's ghost
  4786 | D:5      | Reached skill level 6 in Fighting
  4939 | D:5      | Reached skill level 7 in Fighting
  4939 | D:5      | Reached skill level 9 in Maces & Flails
  4992 | D:5      | Reached * piety under Cheibriados
  5176 | D:5      | Found a staircase to the Ecumenical Temple.
  5279 | D:5      | Reached XP level 9. HP: 51/57 MP: 9/9
  5350 | D:5      | Reached skill level 4 in Armour
  5355 | D:5      | Reached ** piety under Cheibriados
  5500 | D:5      | Found an oddly glowing altar of Pakellas.
  5687 | D:5      | Found an iron altar of Okawaru.
  5688 | D:5      | Found a stormy altar of Qazlal.
  5883 | D:6      | Noticed Duvessa
  5887 | D:6      | Noticed Dowan
  5897 | D:6      | Killed Duvessa
  5897 | D:6      | Reached skill level 8 in Fighting
  5921 | D:6      | Killed Dowan
  6118 | D:6      | Reached *** piety under Cheibriados
  6341 | D:7      | Reached skill level 10 in Maces & Flails
  6341 | D:7      | Reached skill level 5 in Armour
  6433 | D:7      | Reached skill level 9 in Fighting
  7214 | D:7      | Reached **** piety under Cheibriados
  7239 | D:7      | Reached XP level 10. HP: 63/66 MP: 10/10
  7322 | D:6      | Found a blossoming altar of Fedhas.
  7704 | D:8      | Reached skill level 10 in Fighting
  7784 | D:8      | Reached ***** piety under Cheibriados
  7801 | D:8      | Found an oddly glowing altar of Pakellas.
  8061 | D:9      | Noticed Pikel
  8070 | D:9      | Killed Pikel
  8070 | D:9      | Reached skill level 11 in Maces & Flails
  8070 | D:9      | Reached skill level 6 in Armour
  8070 | D:9      | Reached skill level 1 in Invocations
  8383 | D:9      | Noticed Grum
  8394 | D:8      | Reached skill level 2 in Invocations
  8440 | D:8      | Killed Grum
  8769 | D:9      | Reached skill level 7 in Armour
  8769 | D:9      | Reached skill level 3 in Invocations
  8807 | D:9      | Noticed Maurice
  8817 | D:9      | Killed Maurice
  9257 | D:10     | Entered Level 10 of the Dungeon
  9263 | D:10     | Killed an unseen horror
  9263 | D:10     | Reached skill level 12 in Maces & Flails
  9263 | D:10     | Reached skill level 4 in Invocations
  9263 | D:10     | Reached XP level 11. HP: 68/72 MP: 12/14
  9657 | D:10     | Noticed a hill giant
  9664 | D:10     | Killed a hill giant
  9667 | D:10     | Noticed Prince Ribbit
  9683 | D:10     | Killed Prince Ribbit
  9798 | D:10     | Reached skill level 8 in Armour
  9855 | D:10     | Reached ****** piety under Cheibriados
  9917 | D:10     | Reached skill level 5 in Invocations
  9971 | D:10     | Killed an unseen horror
 10029 | D:10     | Noticed a hill giant
 10035 | D:10     | Killed a hill giant
 10103 | D:10     | Noticed a seven-headed hydra
 10112 | D:10     | Killed a seven-headed hydra
 10112 | D:10     | Reached skill level 13 in Maces & Flails
 10154 | D:10     | Noticed an obsidian statue
 10697 | D:11     | Found a glowing silver altar of Zin.
 10698 | D:11     | Found a runed door.
 10698 | D:11     | Noticed an angel
 10786 | D:11     | Reached skill level 6 in Invocations
 10868 | D:11     | Noticed Gastronok
 10882 | D:11     | Killed Gastronok
 10882 | D:11     | Reached skill level 9 in Armour
 10882 | D:11     | Reached XP level 12. HP: 40/77 MP: 16/16
 11233 | D:11     | Reached skill level 7 in Invocations
 11448 | D:11     | Found a staircase to the Lair.
 11458 | D:11     | Reached skill level 14 in Maces & Flails
 11673 | D:11     | Noticed Erica
 11679 | D:11     | Killed Erica
 12118 | D:12     | Found a staircase to the Orcish Mines.
 12616 | D:11     | Reached skill level 15 in Maces & Flails
 12823 | D:6      | Reached skill level 8 in Invocations
 12983 | D:6      | Reached skill level 10 in Armour
 14228 | Lair:1   | Entered Level 1 of the Lair of Beasts
 14263 | Lair:1   | Noticed an eight-headed hydra
 14268 | Lair:1   | Killed an eight-headed hydra
 14268 | Lair:1   | Reached XP level 13. HP: 68/82 MP: 19/19
 14421 | Lair:1   | Reached skill level 9 in Invocations
 14543 | Lair:1   | Reached skill level 1 in Dodging
 14846 | Lair:1   | Reached skill level 2 in Dodging
 15119 | Lair:1   | Reached skill level 3 in Dodging
 15255 | Lair:1   | Reached skill level 11 in Armour
 15482 | Lair:2   | Found a labyrinth entrance.
 15491 | Lab      | Entered a labyrinth
 15912 | Lab      | Noticed a minotaur
 15920 | Lab      | Killed a minotaur
 15924 | Lab      | Got a pair of bloodstained gloves
 15924 | Lab      | Got a sparkling iron ring
 16517 | Lair:2   | Reached skill level 4 in Dodging
 16822 | Lair:3   | Noticed Harold
 16839 | Lair:3   | Killed Harold
 17094 | Lair:3   | Reached skill level 11 in Fighting
 17107 | Lair:3   | Reached skill level 5 in Dodging
 17578 | Lair:3   | Identified the +2 pair of gloves of the Old World {rN+} (You found it in a labyrinth)
 17605 | Lair:3   | Identified the ring of Ru's Indignation {+Inv Str+2} (You found it in a labyrinth)
 17758 | Lair:3   | Reached skill level 6 in Dodging
 17897 | Lair:4   | Gained mutation: Your large and strong wings let you fly indefinitely. [Gargoyle growth]
 17897 | Lair:4   | Reached XP level 14. HP: 71/90 MP: 20/20
 18239 | Lair:4   | Reached skill level 12 in Armour
 18357 | Lair:4   | Noticed Nergalle
 18364 | Lair:4   | Killed Nergalle
 18422 | Lair:4   | Found an iron altar of Okawaru.
 18434 | Lair:4   | Reached skill level 7 in Dodging
 18765 | Lair:5   | Found a frozen archway.
 18794 | IceCv    | Entered an ice cave
 19029 | Lair:5   | Found a staircase to the Snake Pit.
 19669 | Lair:5   | Reached skill level 12 in Fighting
 20262 | Lair:6   | Reached skill level 8 in Dodging
 20265 | Lair:6   | Found a staircase to the Slime Pits.
 20508 | Lair:6   | Found a staircase to the Swamp.
 21211 | Lair:7   | Noticed Rupert
 21389 | Lair:7   | Killed Rupert
 21635 | Lair:7   | Reached skill level 9 in Dodging
 22187 | Lair:8   | Entered Level 8 of the Lair of Beasts
 22202 | Lair:8   | Reached XP level 15. HP: 85/97 MP: 21/21
 22262 | Lair:8   | Found a sparkling altar of Nemelex Xobeh.
 22382 | Lair:8   | Reached skill level 13 in Armour
 22576 | Lair:8   | Reached skill level 10 in Dodging
 22609 | Lair:8   | Reached skill level 13 in Fighting
 23069 | Lair:8   | Got a scintillating tin ring
 23070 | Lair:8   | Identified the ring "Ikkibuv" {+Inv Int+3} (You found it on level 8 of the Lair of Beasts)
 24112 | D:13     | Reached skill level 11 in Dodging
 24638 | D:14     | Found Zauckiwiap's Distillery.
 24661 | D:14     | Bought a potion of mutation for 35 gold pieces
 24949 | D:14     | Found a gate to the Vaults.
 24964 | D:14     | Reached XP level 16. HP: 102/105 MP: 22/22
 24977 | D:14     | Reached skill level 14 in Armour
 25106 | D:14     | Reached skill level 14 in Fighting
 25549 | D:14     | Found a portal to a secret trove of treasure.
 25851 | Orc:1    | Entered Level 1 of the Orcish Mines
 25871 | Orc:2    | Entered Level 2 of the Orcish Mines
 25871 | Orc:2    | Noticed Duffy's ghost (journeyman DECj)
 26306 | Orc:2    | Reached skill level 12 in Dodging
 26430 | Orc:2    | Found a roughly hewn altar of Beogh.
 26449 | Orc:2    | Found Gyjumu Ygha's Distillery.
 27089 | Orc:1    | Found a deep blue altar of Sif Muna.
 27106 | Orc:1    | Identified Sif Muna's Disquisition on Confrontation (You found it on level 1 of the Orcish Mines)
 27342 | Orc:2    | Found a staircase to the Elven Halls.
 27369 | Orc:2    | Found a roughly hewn altar of Beogh.
 27621 | Orc:2    | Found a roughly hewn altar of Beogh.
 27728 | Orc:2    | Found a roughly hewn altar of Beogh.
 27740 | Orc:2    | Found Dairuack's Food Shop.
 28137 | Orc:2    | Killed Duffy's ghost
 28308 | Orc:2    | Paralysed by an orc sorcerer for 2 turns
 28523 | Orc:2    | Found Deymut's Antique Weapon Shoppe.
 28524 | Orc:2    | Found a roughly hewn altar of Beogh.
 28542 | Orc:2    | Found Dampakeps's Antique Armour Emporium.
 28670 | Orc:2    | Bought 2 potions of might for 96 gold pieces
 28670 | Orc:2    | Bought a potion of resistance for 120 gold pieces
 28670 | Orc:2    | Bought a potion of cancellation for 96 gold pieces
 28670 | Orc:2    | Bought a potion of agility for 48 gold pieces
 28670 | Orc:2    | Bought a potion of heal wounds for 60 gold pieces
 28670 | Orc:2    | Bought a potion of invisibility for 96 gold pieces
 28670 | Orc:2    | Bought a potion of heal wounds for 60 gold pieces
 28670 | Orc:2    | Bought a potion of curing for 36 gold pieces
 28670 | Orc:2    | Bought a potion of curing for 36 gold pieces
 28753 | D:14     | Bought a potion of might for 56 gold pieces
 28753 | D:14     | Bought a potion of curing for 42 gold pieces
 28753 | D:14     | Bought a potion of resistance for 140 gold pieces
 28753 | D:14     | Bought a potion of might for 56 gold pieces
 28753 | D:14     | Bought a potion of invisibility for 112 gold pieces
 28753 | D:14     | Bought a potion of resistance for 140 gold pieces
 28753 | D:14     | Bought a potion of curing for 42 gold pieces
 28753 | D:14     | Bought a potion of curing for 42 gold pieces
 28773 | D:15     | Entered Level 15 of the Dungeon
 28779 | D:15     | Found a sparkling altar of Nemelex Xobeh.
 29064 | D:15     | Got an ancient chain mail
 29075 | D:15     | Noticed Urug
 29082 | D:15     | Killed Urug
 29140 | D:15     | Reached skill level 15 in Armour
 29560 | D:15     | Identified the cursed +1 chain mail of Macu {rPois rF- MP+9 Str+5} (You found it on level 15 of the Dungeon)
 29580 | D:15     | Found an ancient bone altar of Kikubaaqudgha.
 29890 | D:15     | Found a staircase to the Depths.
 29992 | D:15     | Reached XP level 17. HP: 112/112 MP: 23/23
 30112 | D:13     | Reached skill level 15 in Fighting
 30323 | Swamp:1  | Entered Level 1 of the Swamp
 30677 | Swamp:1  | Found a burning altar of Makhleb.
 31020 | Swamp:1  | Reached skill level 13 in Dodging
 31457 | Swamp:2  | Reached skill level 1 in Evocations
 31697 | Swamp:2  | Reached skill level 2 in Evocations
 32017 | Swamp:2  | Reached skill level 3 in Evocations
 32367 | Swamp:3  | Reached skill level 10 in Invocations
 32554 | Swamp:3  | Reached skill level 4 in Evocations
 32736 | Swamp:3  | Got a shimmering dire flail
 32737 | Swamp:3  | Identified the +9 dire flail of the Penguin {freeze, rElec Str+3} (You acquired it on level 3 of the Swamp)
 33150 | Swamp:3  | Reached skill level 5 in Evocations
 33280 | Swamp:3  | Got a shimmering eveningstar
 33281 | Swamp:3  | Identified the +0 eveningstar of the Final Chapter {freeze, Int+2} (You acquired it on level 3 of the Swamp)
 33299 | Swamp:4  | Entered Level 4 of the Swamp
 33423 | Swamp:4  | Reached skill level 11 in Invocations
 33636 | Swamp:4  | Noticed Mara
 33645 | Swamp:4  | Noticed Duffy's illusion
 33975 | Swamp:4  | Reached skill level 6 in Evocations
 34099 | Swamp:3  | Killed Mara
 34238 | Swamp:4  | Reached XP level 18. HP: 106/119 MP: 26/26
 34515 | Swamp:4  | Reached skill level 12 in Invocations
 34597 | Swamp:4  | Reached skill level 7 in Evocations
 35028 | Swamp:4  | Got a decaying rune of Zot
 35516 | Vaults:1 | Entered Level 1 of the Vaults
 35675 | Vaults:1 | Reached skill level 8 in Evocations
 35687 | Vaults:1 | Found a magical portal.
 35716 | WizLab   | Entered Iskenderun's Mystic Tower
 35791 | WizLab   | Reached skill level 9 in Evocations
 36444 | WizLab   | Identified the Almanac of Congealing Conjuration (You found it in a wizard's laboratory)
 36450 | WizLab   | Identified the Collected Works on Blistering Attacks (You found it in a wizard's laboratory)
 36471 | WizLab   | Identified Iskenderun's Papyrus of Conjuration (You found it in a wizard's laboratory)
 36475 | WizLab   | Identified Iskenderun's Volume of Ashen Confrontation (You found it in a wizard's laboratory)
 36490 | WizLab   | Reached skill level 10 in Evocations
 36562 | WizLab   | Blown up by a conjurer statue

Vault maps used:
D:1:      dpeg_arrival_lava_altar, hangedman_abyss_or_decor_lesser_grid
D:2:      grunt_dithmenos_smoke_and_mirrors, lexackson_kobold_supper
D:3:      first_bread, lightli_corner_chamber, uniq_sigmund
D:4:      nicolae_overflow_quartered_altars
D:5:      lemuel_coloured_pillars_altar, gammafunk_temple_overflow_pools,
          temple_fountains
D:6:      kennysheep_housing_project, st_stairs_4, tgw_fedhas, uniq_duvessa
D:7:      the_bakery, uniq_prince_ribbit1
D:8:      johnstein_pakellas_death_squad
D:9:      uniq_pikel, uniq_grum, uniq_maurice
D:10:     hex_large, st_stairs_3, minivault_16, kennysheep_generic_room_11
D:11:     lair_0_dummy, serial_glass, glass_columns_a, glass_columns_a,
          glass_columns_c, glass_columns_c, glass_columns_c, glass_columns_a,
          glass_columns_c, glass_columns_a, lemuel_angel_altar, uniq_gastronok,
          uniq_erica
D:12:     david_orc_3
D:13:     special_room, minmay_another_anthill
D:14:     erik_vaults_2, minmay_hedge_maze, nicolae_trove_entry_path_of_doom,
          serial_shops, shop
D:15:     grunt_enter_depths_magical_seal, minmay_misc_feat_doors,
          roderic_aztec_sauvastika, st_stairs_3, hangedman_feature_mirror,
          minivault_7, uniq_urug
Lair:1:   forest_paths, lemuel_fruit_tree
Lair:2:   lab_entry_generic, grunt_megastairs_2, serial_bayou_shore_a
Lair:3:   st_stairs_8, uniq_harold
Lair:4:   serial_bayou_pond_b, lemuel_centaur_altar, grunt_megastairs_3,
          infiniplex_staircase_pool_2, uniq_nergalle
Lair:5:   minmay_snake_entry_guardpost_small, portal_ice_cave_entry_ice_beasts,
          serial_bayou, serial_bayou_ford_a, serial_bayou_pond_c,
          serial_bayou_pond_c, serial_bayou_crossing
Lair:6:   minmay_swamp_entry_worms, minmay_slime_entry_pillars
Lair:7:   uniq_rupert
Lair:8:   minmay_lair_end_frog_pond, basic_altar, lemuel_old_faithful
Swamp:1:  hangedman_swamp_ruin_hall, swamp_pool5, nicolae_swamp_trees_clearing,
          nicolae_swamp_godswood, nicolae_swamp_triple_paths
Swamp:2:  evilmike_swamp_ruin_house_6, swamp_pool5
Swamp:3:  serial_swamp_ruin, evilmike_swamp_ruin_house_5,
          evilmike_swamp_ruin_rubble_1, evilmike_swamp_ruin_house_4,
          swamp_pool1, infiniplex_staircase_pool
Swamp:4:  swamp_icy, uniq_mara
Orc:1:    led_sif_book
Orc:2:    grunt_orc_community_town_hall, grunt_orc_community_big_house_1,
          grunt_orc_community_big_house_2, grunt_orc_community_house_3,
          grunt_orc_community_house_1, grunt_orc_community_house_1,
          grunt_orc_community_house_2, basic_altar
Vaults:1: nicolae_vaults_theta, v_alt_pattern_6, v_misc_29,
          grunt_vaults_diagonal, v_misc_15, vaults_room_fours, sword_in_stone,
          v_misc_11, vaults_dpeg_encased_lava, lightli_enter_wizlab_magi_temple,
          basic_altar, serial_shops, nicolae_shop_statue_plus
Lab:      lab_block, nicolae_lab_grate_2, nicolae_lab_stuck, nicolae_lab_grate,
          nicolae_lab_quarters
IceCv:    ice_cave_statue_garden_02
WizLab:   wizlab_iskenderun

Vanquished Creatures
  Mara Rupert Gastronok
  A thorn hunter
  3 orc warlords
  A very ugly thing
  A stone giant
  A salamander stormcaller
  10 purple draconians
  A statue
  A minotaur
  8 vault guards
  The ghost of Duffy the Thaumaturge, a journeyman DECj of Vehumet Harold
  20 hydras
  3 ice dragons
  An ogre mage
  A ghost crab
  A ghost crab (shapeshifter)
  Erica
  8 alligators
  An orc high priest
  2 tengu warriors
  9 centaur warriors
  6 death yaks
  A queen ant Urug Nergalle
  3 unseen horrors
  6 swamp dragons
  12 hill giants
  3 deep elf archers
  21 deep elf magi
  An orc knight
  5 shambling mangroves
  A wizard
  3 wolf spider zombies
  4 ugly things
  An oklob plant Pikel
  A manticore
  3 salamanders
  9 orc sorcerers
  2 hornets
  8 elephants Maurice
  2 griffons
  5 black mambas
  3 ice statues
  A gargoyle
  32 spiny frogs
  3 fire drakes
  2 yaktaurs
  10 komodo dragons
  The ghost of nublet the Gusty, a novice HEAE of Sif Muna
  8 trolls
  4 freezing wraiths
  2 guardian mummies
  4 kobold demonologists
  A queen bee
  8 slime creatures
  A polar bear
  11 giant leeches
  35 blink frogs
  A queen bee (shapeshifter)
  Prince Ribbit
  3 two-headed ogres
  9 bog bodies
  A trapdoor spider zombie
  4 trapdoor spiders
  6 shadows
  2 vampires Sigmund
  51 yaks
  7 basilisks
  9 spriggans
  A wyvern
  5 swamp worm simulacra Grum
  A steam dragon
  29 vampire mosquitoes
  3 wraiths
  3 hungry ghosts
  A golden eye (shapeshifter)
  3 nagas
  22 swamp worms
  12 hippogriffs
  10 insubstantial wisps
  6 wargs
  2 mottled dragons
  15 hydra simulacra
  5 soldier ants Duvessa
  7 porcupines
  28 wolves
  8 swamp drakes
  54 orc warriors
  11 water moccasins
  An ettin simulacrum
  17 ice beasts
  3 sky beasts
  21 ogres
  2 phantoms
  3 slaves
  2 eyes of draining
  15 wasps
  16 crocodiles
  3 big kobolds
  24 centaurs
  A gnoll sergeant Dowan
  A wyvern skeleton
  34 giant frogs
  4 scorpions
  6 electric eels
  19 wights
  22 killer bees
  4 crimson imps
  33 orc priests
  3 giant frog zombies
  9 jellies
  2 gnoll shamans
  4 giant frog skeletons
  5 centaur skeletons
  7 hounds
  A quasit
  8 iguanas
  48 orc wizards
  31 worker ants
  2 killer bee zombies
  29 sheep
  A hound skeleton
  2 worker ant zombies
  14 adders
  29 gnolls
  70 river rats
  3 shadow imps
  3 swamp drake simulacra
  2 oozes
  3 adder zombies
  4 worms
  2 adder skeletons
  9 giant geckos
  162 orcs
  5 bats
  4 giant cockroaches
  6 goblins
  17 hobgoblins
  24 jackals
  26 kobolds
  5 quokkas
  A ball python skeleton
  A giant gecko skeleton
  A giant gecko zombie
  6 giant newts
  A quokka skeleton
  15 rats
  2 briar patches
  13 bushes
  2 fulminant prisms
  37 fungi
  22 plants
1502 creatures vanquished.
